Cogmind - Beta 15 @@@ ROGUE MODE // 2025.05.06 @ 22:05:48 Player: Polariusz Result: Smashed by cave-in Performance ------------- Evolutions (3) 1500 Regions Visited (4) 800 Robots Destroyed (39) 195 Value Destroyed (1489) 1489 Prototype IDs (1) 20 Alien Tech Used (0) 0 Bonus (0) 0 TOTAL SCORE: 4004 Bonus ------- None Cogmind --------- Core Integrity 0/700 Matter 85/300 Energy 100/100 System Corruption 26% Temperature Cool (0) Movement Core (50) Location -7/Factory Parts ------- > --- POWER (1) -------- (None) > --- PROPULSION (3) --- (None) > --- UTILITY (7) ------ (None) > --- WEAPON (2) ------- (None) > --- INVENTORY (5) ---- Improved Deuterium Engine Melee Analysis Suite Melee Analysis Suite Peak State ------------ > --- POWER ------------ Light Ion Engine > --- PROPULSION ------- Armored Wheel Armored Huge Wheel > --- UTILITY ---------- Small Storage Unit Visual Processing Unit Improved Sensor Array Improved Targeting Computer Reaction Control System Improved Medium Armor Plating > --- WEAPON ----------- Enhanced Autogun Enhanced Autogun > --- INVENTORY -------- Improved Deuterium Engine Melee Analysis Suite Target Analyzer Improved Medium Armor Plating Rocket Launcher Rocket Launcher Spear [Rating: 36] Favorites ----------- Power Light Ion Engine Engine Light Ion Engine Power Core Light Nuclear Core Propulsion Aluminum Leg Leg Aluminum Leg Wheel Wheel Utility Small Storage Unit Device Improved Sensor Array Storage Small Storage Unit Processor Visual Processing Unit Hackware Hacking Suite Protection Improved Medium Armor Plating Weapon Enhanced Autogun Ballistic Gun Enhanced Autogun Launcher Rocket Launcher Impact Weapon Maul Slashing Weapon Mining Claw Build | -11 -10 -10 -9 -7 ------- Run | Yrd Mat Sub Rec Fac Slots Evolved 6 | . . . . 6 Power . | . . . . . Propulsion 1 | . . . . 1 Utility 5 | . . . . 5 Weapon . | . . . . . Parts Attached 31 | 6 2 2 4 17 Power 3 | 1 . . 1 1 Engine 2 | 1 . . 1 . Core 1 | . . . . 1 Reactor . | . . . . . Propulsion 7 | 2 . 2 . 3 Treads . | . . . . . Leg 2 | . . 2 . . Wheel 5 | 2 . . . 3 Hover . | . . . . . Flight . | . . . . . Utility 11 | 1 1 . 1 8 Device 2 | . . . . 2 Storage 1 | 1 . . . . Processor 3 | . . . 1 2 Hackware 1 | . . . . 1 Protection 4 | . 1 . . 3 Artifact . | . . . . . Weapon 10 | 2 1 . 2 5 Energy Gun . | . . . . . Energy Cannon . | . . . . . Ballistic Gun 5 | 2 . . 1 2 Ballistic Cannon . | . . . . . Launcher 2 | . . . . 2 Special Weapon . | . . . . . Impact Weapon 1 | . . . 1 . Slashing Weapon 2 | . 1 . . 1 Piercing Weapon . | . . . . . Special Melee Weapon . | . . . . . Unidentified Prototypes 1 | . . . . 1 Parts Lost 22 | . . 3 . 19 Power 2 | . . . . 2 Propulsion 5 | . . 2 . 3 Utility 10 | . . 1 . 9 Weapon 5 | . . . . 5 Highest Loss Streak 13 | . . 2 . 13 To Critical Strikes . | . . . . . Average Backups 6 | 1 6 7 7 6 Power . | . 1 1 . . Propulsion . | . . . 1 . Utility 2 | . 2 4 3 2 Weapon 2 | . 1 2 2 2 Tool/Special . | . . . . . Unused Backups 15 | . . 1 6 8 Power 3 | . . 1 . 2 Propulsion . | . . . . . Utility 9 | . . . 4 5 Weapon 3 | . . . 2 1 Tool/Special . | . . . . . Average Slot Usage (%) 85 | . 97 97 98 66 Engine 10 | . 14 14 14 4 Leg 10 | . . 7 28 . Wheel 10 | . 28 18 . 10 Device 2 | . . . . 6 Storage 10 | . 14 14 14 5 Processor 9 | . . . 12 14 Protection 5 | . 11 13 . 5 Ballistic Gun 16 | . 24 23 15 10 Impact Weapon 4 | . . . 10 1 Slashing Weapon 1 | . 3 4 1 . Peak Build Rating 36 | 6 8 8 11 36 Average Rating 15 | 3 7 7 10 25 On Entrance 6 | . 6 8 7 11 Naked Turns 95 | . . . . 95 Heaviest Build 24 | 14 17 17 14 24 Greatest Support 40 | 26 26 26 20 40 Greatest Overweight (x) 5 | . . 5 . 1 Average Overweight (x) . | . . . . . Largest Inventory Capacity 8 | 8 8 8 8 8 Average Capacity 7 | 6 8 8 8 7 Most Carried 8 | 4 8 8 8 8 Average Carried 6 | 1 6 7 7 6 Final Capacity 8 | 8 8 8 8 5 Final Carried 8 | 1 8 7 8 3 Class Distribution -------------------- 100% | Mutant Dominant Class ---------------- Mutant | -10/Materials Mutant | -10/Subcaves Mutant | -9/Recycling Mutant | -7/Factory Resources | -11 -10 -10 -9 -7 ----------- Run | Yrd Mat Sub Rec Fac Matter Collected 1150 | 190 90 87 46 737 Remotely . | . . . . . Salvage Created 1470 | . . 77 46 1347 Parts 75 | . . 2 2 71 Haulers Intercepted . | . . . . . Recyclers Shooed 1 | . . . . 1 Parts Field Recycled . | . . . . . Retrieved Matter . | . . . . . Parts Self-Destructed 12 | . . 12 . . Prevented . | . . . . . Kills | -11 -10 -10 -9 -7 ------- Run | Yrd Mat Sub Rec Fac Combat Hostiles Destroyed 30 | . . 1 1 28 Melee 2 | . . 1 1 . Guns 18 | . . . . 18 AOE 10 | . . . . 10 Classes Destroyed 14 | . . 2 1 11 Builder 1 | . . . . 1 Recycler 2 | . . . . 2 Operator 1 | . . . . 1 Turret 1 | . . 1 . . Watcher 4 | . . . . 4 Swarmer 7 | . . . . 7 Grunt 12 | . . . . 12 Duelist 1 | . . . . 1 Protector 3 | . . . . 3 Sentry 1 | . . . 1 . Specialist 3 | . . . . 3 Hunter 1 | . . . . 1 Programmer 1 | . . . . 1 Subdweller 1 | . . 1 . . Best Kill Streak 8 | . . 1 1 8 Combat Bots Only 7 | . . 1 1 7 Max Kills in Single Turn 3 | . . 1 1 3 Gunslinging 1 | . . . . 1 Exploded 3 | . . . . 3 Melee 1 | . . 1 1 . Uniques/NPCs Destroyed . | . . . . . Combat | -11 -10 -10 -9 -7 -------- Run | Yrd Mat Sub Rec Fac Hostile Shots Fired 266 | . . 49 . 217 Missed 110 | . . 20 . 90 Hits 156 | . . 29 . 127 Melee 3 | . . . . 3 Projectile 153 | . . 29 . 124 Critical Strikes 7 | . . . . 7 Damage Taken 3112 | . . 485 . 2627 Core 764 | . . 58 . 706 Absorbed by Shields . | . . . . . Core Remaining (%) 88 | 100 . . 76 . Volleys Fired 116 | . . 10 . 106 Largest 2 | . . 2 . 2 Hottest 66 | . . 40 . 66 Shots Fired 193 | . . 19 . 174 Gun 183 | . . 19 . 164 Cannon . | . . . . . Launcher 10 | . . . . 10 Special . | . . . . . Kinetic 183 | . . 19 . 164 Thermal . | . . . . . Explosive 10 | . . . . 10 Electromagnetic . | . . . . . Robot Hit Streak 12 | . . 8 . 12 Robot Miss Streak 4 | . . 2 . 4 Penetration Max . | . . . . . Secondary Targets 2 | . . . . 2 Max Gunslinging Chain 1 | . . . . 1 Shots Hit Robots 125 | . . 20 4 101 Core Hits 95 | . . 3 1 91 Critical Kills 2 | . . . 1 1 Critical Parts Destroyed 2 | . . . 1 1 Critical Strikes 4 | . . . 2 2 Destroy 2 | . . . . 2 Smash 2 | . . . 2 . Melee Attacks 17 | . 1 5 4 7 Impact 6 | . . . 4 2 Slashing 11 | . 1 5 . 5 Piercing . | . . . . . Sneak Attacks 2 | . . . 2 . Combat Hostiles 1 | . . . 1 . Follow-up Attacks . | . . . . . Damage Inflicted 4039 | . . 96 166 3777 Guns 1775 | . . 25 . 1750 Cannons . | . . . . . Explosions 2027 | . . . . 2027 Melee 237 | . . 71 166 . Ramming . | . . . . . Kinetic 1775 | . . 25 . 1750 Thermal . | . . . . . Explosive 2027 | . . . . 2027 Electromagnetic . | . . . . . Impact 166 | . . . 166 . Slashing 71 | . . 71 . . Piercing . | . . . . . Highest Corruption 26 | . . . . 26 Average Corruption 18 | . . . . 18 Corruption Purged . | . . . . . Corruption Blocked . | . . . . . Effects 7 | . . . . 7 Message Errors 2 | . . . . 2 Matter Fused 2 | . . . . 2 Energy Discharges 1 | . . . . 1 Data Loss (minor) 1 | . . . . 1 Data Loss (major) 1 | . . . . 1 Overload Shots . | . . . . . Overflow Damage 125 | . . . 84 41 Projectiles . | . . . . . Explosions 41 | . . . . 41 Melee 84 | . . . 84 . Knockbacks 1 | . . . 1 . Impact 1 | . . . 1 . Kinetic . | . . . . . Secondary . | . . . . . Self-Inflicted Damage 17 | . . . . 17 Shots 1 | . . . . 1 Rammed . | . . . . . Targets Rammed . | . . . . . Kicked . | . . . . . Crushed . | . . . . . Highest Temperature 133 | . . . . 133 Average Temperature 46 | . . . . 46 Received Heat Transfer 741 | . . 213 . 528 Siege Activations . | . . . . . Martial Activations . | . . . . . Shielding Activations . | . . . . . Robots Disrupted . | . . . . . Combat Hostiles . | . . . . . Robots Corrupted . | . . . . . Combat Hostiles . | . . . . . Parts Fried . | . . . . . Impact Corruptions 2 | . . . 2 . Robots Melted . | . . . . . Combat Hostiles . | . . . . . Parts Melted 1 | . . 1 . . Heat Transferred . | . . . . . Parts Sabotaged . | . . . . . Parts Stolen . | . . . . . Parts Stripped . | . . . . . Power Chain Reactions . | . . . . . Alert | -11 -10 -10 -9 -7 ------- Run | Yrd Mat Sub Rec Fac Maximum Alert Level 1 | . . . . 1 Low Security (%) 87 | 100 100 . 100 71 Level 1 12 | . . . . 28 Level 2 . | . . . . . Level 3 . | . . . . . Level 4 . | . . . . . Level 5 . | . . . . . High Security . | . . . . . Max Security . | . . . . . Peak Influence 381 | . 9 . 20 381 Initial 4 | . . . 4 . Average 48 | . . . 1 108 Influence Increases 873 | . 10 20 40 803 Destroy 0b10 Robot/C 540 | . . 20 20 500 Destroy 0b10 Robot/NC 55 | . . . . 55 Destroy Leader 78 | . . . . 78 Successful Hack 41 | . 9 . 20 12 Disable Machine 15 | . . . . 15 Destroy Structure 39 | . 1 . . 38 Partial Spotted 15 | . . . . 15 Lose Combat Pursuer 90 | . . . . 90 Influence Decreases 563 | . 10 10 50 493 Entered New Map 6 | . . . 6 . Time Decay 367 | . 10 10 44 303 Lost Part 190 | . . . . 190 Squads Dispatched 7 | . 3 . . 4 Investigation 4 | . 3 . . 1 Extermination 2 | . . . . 2 Reinforcement 1 | . . . . 1 Assault . | . . . . . Garrison . | . . . . . Intercept . | . . . . . Searches Triggered . | . . . . . Construction Impeded . | . . . . . Haulers Reinforced . | . . . . . Active Scanning Responses . | . . . . . Cargo Convoy Interrupts 1 | . . . . 1 Stealth | -11 -10 -10 -9 -7 --------- Run | Yrd Mat Sub Rec Fac Distress Signals 2 | . 1 . . 1 Communications Jammed . | . . . . . Distress Signals . | . . . . . Times Spotted 53 | . . 6 1 46 Peak Tracking Total 12 | . . 4 . 12 Tactical Retreats 3 | . . . . 3 Traps | -11 -10 -10 -9 -7 ------- Run | Yrd Mat Sub Rec Fac Traps Triggered 2 | . 1 . . 1 Indirectly . | . . . . . Trap Hack Attempts . | . . . . . Triggered . | . . . . . Disarmed . | . . . . . Reprogrammed . | . . . . . Reused . | . . . . . Traps Extracted . | . . . . . Installed . | . . . . . Triggered . | . . . . . Machines | -11 -10 -10 -9 -7 ---------- Run | Yrd Mat Sub Rec Fac Machines Disabled 1 | . . . . 1 Max in Single Turn 1 | . . . . 1 Machines Repaired . | . . . . . Machines Dismantled . | . . . . . Machines Sabotaged . | . . . . . Overloaded Fab Kills . | . . . . . Hacking | -11 -10 -10 -9 -7 --------- Run | Yrd Mat Sub Rec Fac Machines Accessed 22 | . 6 . 10 6 Terminals 14 | . 6 . 4 4 Fabricators . | . . . . . Repair Stations 1 | . . . . 1 Recycling Units 6 | . . . 6 . Scanalyzers . | . . . . . Garrison Access 1 | . . . . 1 Total Hacks 42 | . 12 . 21 9 Successful 15 | . 4 . 10 1 Failed 27 | . 8 . 11 8 Catastrophic 7 | . . . 1 6 Database Lockouts . | . . . . . Manual . | . . . . . Terminals 31 | . 12 . 13 6 Fabricators . | . . . . . Repair Stations 1 | . . . . 1 Recycling Units 8 | . . . 8 . Scanalyzers . | . . . . . Garrison Access 2 | . . . . 2 Terminal Hacks 9 | . 4 . 4 1 Record 3 | . 2 . . 1 Part Schematic 1 | . . . 1 . Robot Schematic 1 | . . . 1 . Repair Station Index 1 | . . . 1 . Locate Traps 1 | . 1 . . . Dispatch Records 1 | . . . 1 . Transport Status 1 | . 1 . . . Fabricator Hacks . | . . . . . Repair Station Hacks . | . . . . . Recycling Unit Hacks 6 | . . . 6 . Retrieve Components 6 | . . . 6 . Scanalyzer . | . . . . . Garrison Access Hacks . | . . . . . Unauthorized Hacks . | . . . . . Terminals . | . . . . . Fabricators . | . . . . . Repair Stations . | . . . . . Recycling Units . | . . . . . Scanalyzers . | . . . . . Garrison Access . | . . . . . Data Cores Recovered 1 | . . . . 1 Used 1 | . . . . 1 Hacking Detections 13 | . 5 . 2 6 Full Trace Events 1 | . 1 . . . Feedback Events . | . . . . . Feedback Blocked . | . . . . . Robot Schematics Acquired 1 | . . . 1 . Robots Built . | . . . . . Authchips . | . . . . . Time . | . . . . . Total Robot Build Rating . | . . . . . Part Schematics Acquired 1 | . . . 1 . Parts Built . | . . . . . Authchips . | . . . . . Time . | . . . . . Total Part Build Rating . | . . . . . Parts Repaired . | . . . . . Time . | . . . . . Parts Recycled . | . . . . . Recycled Matter . | . . . . . Retrieved Matter . | . . . . . Retrieved Components 11 | . . . 11 . Parts Scanalyzed . | . . . . . Part Schematics Acquired . | . . . . . Parts Damaged . | . . . . . Bothacking | -11 -10 -10 -9 -7 ------------ Run | Yrd Mat Sub Rec Fac Used RIF Installer . | . . . . . Robots Hacked . | . . . . . Non-combat . | . . . . . Combat . | . . . . . Robot Hacks Applied . | . . . . . Relay Couplers Released . | . . . . . Fabnet Peak Effective % . | . . . . . Robots Rewired . | . . . . . Allies Hacked . | . . . . . Hacks Repelled . | . . . . . Allies | -11 -10 -10 -9 -7 -------- Run | Yrd Mat Sub Rec Fac Total Allies . | . . . . . Largest Group . | . . . . . Highest-Rated Group . | . . . . . Highest-Rated Ally . | . . . . . Total Orders . | . . . . . Ally Attacks . | . . . . . Total Damage . | . . . . . Kills . | . . . . . Allies Corrupted . | . . . . . Allies Melted . | . . . . . Intel | -11 -10 -10 -9 -7 ------- Run | Yrd Mat Sub Rec Fac Active Infowar (turns) 1930 | . . . 889 1041 Optics 1930 | . . . 889 1041 Sensors 562 | . . . . 562 Robot Analysis Total . | . . . . . Derelict Logs Recovered . | . . . . . Drone Launches . | . . . . . Drone Recoveries . | . . . . . Exploration | -11 -10 -10 -9 -7 ------------- Run | Yrd Mat Sub Rec Fac Turns Passed 2972 | 49 452 306 977 1188 Spaces Moved 2217 | 45 388 178 786 820 Core 50 | 13 . 1 . 36 Treads . | . . . . . Legs 850 | . . 51 786 13 Wheels 1317 | 32 388 126 . 771 Hover . | . . . . . Flight . | . . . . . Fastest Speed 50 | 50 90 90 120 50 Average Speed 102 | 78 90 101 120 92 Slowest Speed 300 | 90 90 300 120 120 Overloaded Moves . | . . . . . Propulsion Burnouts . | . . . . . Robots Hopped . | . . . . . Potential Cave-ins 5 | . . . . 5 Cave-ins Triggered 9 | . . . . 9 Exploration Rate (%) 42 | 3 69 18 95 26 Regions Visited 4 Branch Regions 2 Pre-discovered Areas . | . . . . . Known Exits Taken . | . . . . . Unknown Exits Taken 4 | 1 1 1 1 . Scrap Searched . | . . . . . Spaces Dug 10 | . 1 . . 9 Terrain Destroyed 50 | . 1 . . 49 Melee 7 | . 1 . . 6 Projectile 3 | . . . . 3 AOE 40 | . . . . 40 Terrain Rammed . | . . . . . Walls Destroyed . | . . . . . Machines Disabled . | . . . . . Actions | -11 -10 -10 -9 -7 --------- Run | Yrd Mat Sub Rec Fac Total 2766 | 58 487 274 815 1132 Wait 303 | 1 88 76 . 138 Move 2212 | 44 387 177 785 819 Hop . | . . . . . Pick Up 51 | 7 8 2 11 23 Fast Attach . | . . . . . Attach 25 | 6 1 2 1 15 Detach 1 | . . . . 1 Swap 18 | . 2 1 5 10 Drop 22 | . . 1 9 12 Fire 116 | . . 10 . 106 Melee 17 | . 1 5 4 7 Ram . | . . . . . Kick . | . . . . . Crush . | . . . . . Escape Stasis 1 | . . . . 1 Rewire . | . . . . . Trap . | . . . . . Miscellaneous . | . . . . . Route ------- -11/Scrapyard -10/Materials (discovered 3 exits: [*Mat x2] / [*Sub]) -10/Subcaves (discovered 2 exits: *Rec / [*Scr]) -9/Recycling -7/Factory History --------- Turn | Location | Event 2 | -11/Scrapyard | Met Revision 17 4 | -11/Scrapyard | Discovered new exit (range 16) 50 | -11/Scrapyard | Entered Materials 51 | -10/Materials | Met a group of wandering Federalists 162 | -10/Materials | Discovered new exit (range 10) 306 | -10/Materials | Build established: Mutant 384 | -10/Materials | Discovered new exit (range 14) 483 | -10/Materials | Discovered new exit (range 7) 502 | -10/Materials | Entered Subcaves 503 | -10/Subcaves | Continued accompanying wandering Federalists (5) 503 | -10/Subcaves | Approached by a straggling Scientist 732 | -10/Subcaves | Lost 3 allies 775 | -10/Subcaves | Wandering Federalist uncovered a shortcut to Scraptown 785 | -10/Subcaves | Discovered new exit (range 13) 791 | -10/Subcaves | Ambushed by Subdwellers from Twisted Machinery 808 | -10/Subcaves | Entered Recycling 821 | -9/Recycling | Lost 4 allies 1423 | -9/Recycling | Discovered new exit (range 5) 1785 | -9/Recycling | Entered Factory 1785 | -7/Factory | Evolved 6 slots: Propulsion x1, Utility x5 2597 | -7/Factory | Lost 4 parts (1p1n2u) 2777 | -7/Factory | Cargo convoy interrupted 2801 | -7/Factory | Core integrity fell below 50% 2816 | -7/Factory | Destroyed 7 combat bots 2826 | -7/Factory | Crushed by falling debris 2827 | -7/Factory | System corruption reached 10% 2830 | -7/Factory | Crushed by falling debris 2848 | -7/Factory | Crushed by falling debris 2848 | -7/Factory | Core integrity fell below 20% 2849 | -7/Factory | Crushed by falling debris 2857 | -7/Factory | Crushed by falling debris 2865 | -7/Factory | Crushed by falling debris 2879 | -7/Factory | Crushed by falling debris 2910 | -7/Factory | Lost 13 parts (1p1n6u5w) 2926 | -7/Factory | Crushed by falling debris 2974 | -7/Factory | Crushed by falling debris 2974 | -7/Factory | Smashed by cave-in Last Messages --------------- System corrupted: Substantial component data lost. The unstable cave ceiling collapses. Crushed by falling debris. Target Analyzer destroyed. System corrupted by crushing effect (+5). The unstable cave ceiling collapses. Crushed by falling debris. >XMMYNKETEOYTPESWKZAR# 4F1VIR7GH%2DAIZ The unstable cave ceiling collapses. Crushed by falling debris. Enh. Autogun destroyed. System corrupted by crushing effect (+4). System corrupted: Energy discharge (-36). System corrupted: Component data lost. 6/QN>35 AZWXCP:GTHMX%N The unstable cave ceiling collapses. Crushed by falling debris. The unstable cave ceiling collapses. Crushed by falling debris. Map ----- +----------------------------------------------------+ | ## #????????????? | | ## """ """ #????????????? | | + """ """ #????????????? | | # """ """ #????????????? | | /##### #????????????? | | """ """ #????????????? | | / """ """ #????????????? | | !% """ """ #????????????? | | * #????????????? | | #????????????? | | # #"#"""############/############????? | | " ######??????????# #????? | | #????????????????# " " " " " #????? | | ?###?????????????????# " " " " "??????? | | ?????????????????????# " " " " "??????? | | ????????????????????## " " " " "??????? | | ?????????????????????/ " " " " " #????? | | ?????????????????????# " " " " " #????? | | ?????????????????????# " " " " " #????? | | ?????????????????????# " " " " " #????? | | ?????????????????????# " " " " " #????? | | ?????????????????????# #????? | | ?????????????????????# #????? | | ?????????????????????##############????? | | ????????????????????????######?????????? | | ????????????????????????#@####?????????? | | ????????????????????????#####??????????? | | ???????????????????????????????????????? | | ???????????????????????????????????????? | | ???????????????????????????????????????? | | ???????????????????????????????????????? | | ???????????????????????????????????????? | | ???????????????????????????????????????? | | ???????????????????????????????????????? | | ???????????????????????????????????????? | | ???????????????????????????????????????? | | ???????????????????????????????????????? | | ???????????????????????????????????????? | | ???????????????????????????????????????? | | ???????????????????????????????????????? | | ???????????????????????????????????????? | | ???????????????????????????????????????? | | ???????????????????????????????????????? | | ???????????????????????????????????????? | | ???????????????????????????????????????? | | ???????????????????????????????????????? | | ???????????????????????????????????????? | | ???????????????????????????????????????? | | ???????????????????????????????????????? | | ???????????????????????????????????????? | +----------------------------------------------------+ Best States ------------- Heat Dissipation 34 Energy Generation 14 Energy Capacity 250 Matter Stores 300 Matter Capacity 300 Sight Range 18 Robot Scan Range 15 Terrain Scan Density 10 Armor Coverage 225 Evasion (%) 55 Targeting Accuracy 6 Target Analysis 5 Offensive Hacking 10 Authchip Count 1 Item Schematics ----------------- Imp. Aluminum Leg | -9/Recycling | Hacked Robot Schematics ------------------ Y-45 Defender | -9/Recycling | Hacked Fabricated ------------ Nothing Repaired ---------- Nothing Alien Tech Used ----------------- None Achievements -------------- None Challenges ------------ None Game ------ Seed CargoChromionDrillbomb Manual? 0 Play Time 00:38:05 Cumulative 31.1 hours Start 2025.05.06 @ 21:17:43 End 2025.05.06 @ 22:05:48 Sessions 3 Manual Loads 0 Difficulty Rogue Special Mode None Game No. 31 Rogue 31 Adventurer 0 Explorer 0 Win Type - Total 0 Types 0/0/0/0/0/0/0/0/0/0 Lore% 18 Gallery% 23 Achievement% 21 Wizard Run 0 Options --------- Layout 1 ASCII 0 Keyboard 0 Movement Mouse Keybinds 0 Fullscreen 1 Font 24/Smallcaps Map View 50x35 Zoom Use 0% Tactical HUD 0 Map Filters NONE Filters NONE Steam 1 RUN: a9782845-81e8-4eb4-9144-9dc668bc07da